 Dungeon Crawl Stone Soup version 0.17-a0-1946-gfb768fe (webtiles) character file.

1726 Eldritch the Ducker (level 8, -2/78 HPs)
             Began as a Troll Monk on Oct 1, 2015.
             Was a Priest of Makhleb.
             Slain by an ufetubus (5 damage)
             ... summoned by a ynoxinul
             ... summoned by the player character
             ... on level 7 of the Dungeon.
             The game lasted 00:19:06 (5536 turns).

Eldritch the Ducker (Troll Monk)                    Turns: 5536, Time: 00:19:08

Health: -2/78      AC: 11    Str: 26    XL:     8   Next: 75%
Magic:  7/7        EV: 20    Int:  8    God:    Makhleb [***...]
Gold:   333        SH:  0    Dex: 24    Spells: 0 memorised, 7 levels left

rFire  . . .     SeeInvis .     m - +4 quarterstaff (protect)
rCold  . . .     Clarity  .     a - +1 robe
rNeg   . . .     SustAt   .     (no shield)
rPois  +         Gourm    +     (helmet restricted)
rElec  .         Spirit   .     (no cloak)
rCorr  .         Warding  .     (gloves unavailable)
rMut   .         Stasis   .     (boots unavailable)
MR     .....                    (no amulet)
Stlth  +++.......               D - +6 ring of dexterity
                                l - ring of poison resistance

@: mighty, agile, very slightly contaminated, not resistant to hostile
enchantments, fairly stealthy
A: unfitting armour, claws 3, horns 1, clever 1, fast metabolism 3, gourmand,
regeneration 2, shaggy fur 1, spit poison 1, tough skin 2, evolution 1
a: Spit Poison, Minor Destruction, Lesser Servant of Makhleb, Renounce Religion


You were on level 7 of the Dungeon.
You worshipped Makhleb.
Makhleb was most pleased with you.
You were hungry.

You visited 2 branches of the dungeon, and saw 9 of its levels.

You collected 333 gold pieces.

Inventory:

Hand weapons
 m - a +4 quarterstaff of protection (weapon)
Missiles
 g - 160 stones (quivered)
Armour
 a - a +1 robe (worn)
Jewellery
 l - a ring of poison resistance (left claw)
 w - an uncursed ring of positive energy
 D - a +6 ring of dexterity (right claw)
 F - a +3 ring of dexterity
Magical devices
 p - a wand of disintegration (13)
 v - a wand of polymorph (7)
 E - a wand of cold (9)
 H - a wand of confusion (48)
Scrolls
 i - a scroll of enchant weapon
 k - 3 scrolls of remove curse
 t - 2 scrolls of noise
Potions
 r - a potion of resistance {unknown}
 s - a potion of mutation
 z - a potion of flight {unknown}
 B - a potion of cancellation {unknown}
Books
 y - a book of Alchemy

   Spells                             Type                      Level
   a - Sublimation of Blood           Necromancy                   2
   b - Ignite Poison                  Fire/Transmutation/Poison    3
   c - Alistair's Intoxication        Transmutation/Poison         4
   d - Condensation Shield            Ice                          4
   e - Petrify                        Transmutation/Earth          4
   f - Irradiate                      Conjuration/Transmutation    5
Comestibles
 b - 4 bread rations
 c - 4 beef jerkies
 h - a slice of pizza


   Skills:
 + Level 4.2 Fighting
 * Level 5.5 Staves
 + Level 2.5 Throwing
 + Level 6.1 Dodging
 - Level 1.1 Stealth
 - Level 4.8 Unarmed Combat


You had 7 spell levels left.
You didn't know any spells.

Dungeon Overview and Level Annotations

Branches:
Dungeon (8/15)             Temple (1/1) D:6
   Lair: D:8-11

Altars:
Ashenzari
Cheibriados
Dithmenos
Elyvilon
Fedhas
Gozag
Kikubaaqudgha
Makhleb
Nemelex Xobeh
Okawaru
Qazlal
Ru
Sif Muna
Trog
Vehumet
Xom
Yredelemnul
Zin
The Shining One

Shops:
D:7 *


Innate Abilities, Weirdness & Mutations

You are too large for most types of armour.
You have claws for hands.
Your metabolism is lightning-fast.
You like to eat raw meat.
You heal very quickly.
You are covered in fur (AC +1).
You have very tough skin (AC +2).
You have a pair of small horns on your head.
Your mind is acute. (Int +2)
You can spit weak poison.
You evolve.


Message History

* * * LOW HITPOINT WARNING * * *
The ufetubus hits you but does no damage.
Things that are here:
a short sword; a big kobold corpse Drink which item? (? for menu, Esc to quit)
It was a potion of agility.
You feel agile all of a sudden.
The ufetubus hits you but does no damage.
The ufetubus completely misses you.
The ufetubus hits you but does no damage.
The ufetubus misses you. The worker ant closely misses you.
The ufetubus hits you but does no damage.
The ufetubus misses you.
You sock the ufetubus!
You kill the ufetubus!
The ufetubus closely misses you. The ufetubus barely misses you.
The worker ant barely misses you. The ufetubus hits you.
* * * LOW HITPOINT WARNING * * *
The ufetubus barely misses you. The ufetubus hits you.
You die...

##* *** #.## **,* #ยง5##
*,,*##53@### *** **
*.###55a55.# *,*****,
*#.#..5.5..## **,*,,,,,
*#.........#*##*,,,,,,,,
##........#...,,,,,,,,,
*##.....(.......,,,,,,,,,
*****...............,,,,,,,,,
*,,,,...............,,,,,,,,,
****,.......(.......,,,,,,,,,


You could see a ynoxinul, a worker ant and 7 ufetubi.

Vanquished Creatures
  Prince Ribbit (D:6)
  A hippogriff (D:7)
  2 sky beasts
  A phantom (D:4)
  An orc warrior (D:6)
  2 ogres (D:7)
  A big kobold (D:7)
  2 centaurs
  A giant frog (D:8)
  Blork the orc (D:4)
  A scorpion (D:8)
  2 giant frog zombies
  An orc wizard (D:4)
  4 worker ants
  2 iguanas
  4 gnolls (D:6)
  A worker ant zombie (D:7)
  3 adders
  A shadow imp (D:7)
  An adder skeleton (D:4)
  5 worms
  2 giant geckos
  10 orcs
  3 giant cockroaches
  8 goblins
  9 hobgoblins
  12 kobolds
  3 quokkas
  4 ball pythons
  13 bats
  A giant cockroach zombie (D:5)
  4 giant newts
  10 jackals
  3 quokka zombies
  6 rats
126 creatures vanquished.

Vanquished Creatures (others)
  An adder (D:2)
1 creature vanquished.

Grand Total: 127 creatures vanquished

Notes
Turn   | Place    | Note
--------------------------------------------------------------
     0 | D:1      | Eldritch the Troll Monk began the quest for the Orb.
     0 | D:1      | Reached XP level 1. HP: 22/22 MP: 0/0
   189 | D:1      | Reached XP level 2. HP: 29/29 MP: 1/1
   687 | D:2      | Reached XP level 3. HP: 36/36 MP: 2/2
   765 | D:2      | Found a glowing silver altar of Zin.
   765 | D:2      | Found a shimmering altar of Xom.
   766 | D:2      | Noticed an angel
  1438 | D:3      | You fall through a shaft!
  1450 | D:4      | Reached XP level 4. HP: 33/44 MP: 3/3
  1584 | D:4      | Noticed a phantom
  1606 | D:4      | Reached skill level 1 in Staves
  1607 | D:4      | Reached XP level 5. HP: 26/52 MP: 4/4
  1664 | D:4      | Killed a phantom
  1765 | D:4      | Reached XP level 6. HP: 57/61 MP: 5/5
  1905 | D:4      | Reached skill level 1 in Throwing
  1991 | D:4      | Noticed Blork the orc
  2002 | D:4      | Killed Blork the orc
  2253 | D:5      | Entered Level 5 of the Dungeon
  3252 | D:6      | Found a staircase to the Ecumenical Temple.
  3307 | Temple   | Entered the Ecumenical Temple
  3327 | Temple   | Became a worshipper of Makhleb the Destroyer
  3327 | Temple   | Acquired Makhleb's first power
  3327 | Temple   | Acquired Makhleb's second power
  3479 | D:6      | Reached XP level 7. HP: 67/67 MP: 6/6
  3577 | D:6      | Found a stormy altar of Qazlal.
  3577 | D:6      | Found a radiant altar of Vehumet.
  4022 | D:6      | You fall through a shaft for 2 floors!
  4185 | D:8      | Reached skill level 5 in Dodging
  4321 | D:8      | Reached XP level 8. HP: 69/78 MP: 7/7
  4494 | D:7      | Found an opulent altar of Gozag.
  4560 | D:7      | Gained mutation: You evolve. [mutagenic meat]
  4561 | D:7      | Gained mutation: Your spells are a little harder to cast, but a little more powerful. [mutagenic meat]
  4563 | D:7      | Gained mutation: You have a pair of small horns on your head. [mutagenic meat]
  4564 | D:7      | Gained mutation: Your mind is acute. (Int +2) [mutagenic meat]
  4790 | D:7      | Found Ijiw's General Store.
  4824 | D:7      | Found a sparkling altar of Nemelex Xobeh.
  4855 | D:7      | Reached skill level 5 in Staves
  5028 | D:6      | Found a snail-covered altar of Cheibriados.
  5035 | D:6      | Acquired Makhleb's third power
  5053 | D:6      | Noticed Prince Ribbit
  5060 | D:6      | Killed Prince Ribbit
  5320 | D:7      | Reached skill level 6 in Dodging
  5530 | D:7      | Lost mutation: Your spells are a little harder to cast, but a little more powerful. [potion of mutation]
  5530 | D:7      | Gained mutation: You can spit weak poison. [potion of mutation]
  5536 | D:7      | HP: 3/78 [ufetubus[the player character] (3)]
  5536 | D:7      | Slain by an ufetubus

Vault maps used:
D:1:      enne_arrival_octagon_isle, minmay_misc_feat_iff,
          minmay_misc_feat_columns
D:2:      grunt_temple_overflow_order_and_chaos_1, first_bread,
          grunt_ministairs_6
D:3:      grunt_decor_fettered
D:4:      uniq_blork_the_orc
D:5:      kennysheep_generic_room_14
D:6:      gammafunk_temple_overflow_elements, slow_altar_2, uniq_prince_ribbit1
D:7:      lemuel_round_altar, nicolae_overflow_crystal_walls, serial_shops,
          kennysheep_little_box, grunt_ogre_cave
Temple:   minmay_crystal_spiral_temple_12

Action                   |  1- 3 |  4- 6 |  7- 9 || total
-------------------------+-------+-------+-------++-------
Melee: Unarmed           |    68 |       |       ||    68
       Quarterstaff      |    39 |   138 |   196 ||   373
Throw: Stone             |    28 |    29 |    36 ||    93
Invok: Minor Destruction |       |       |     1 ||     1
       Lesser Servant of |       |       |     1 ||     1
  Use: Scroll            |     7 |     1 |    14 ||    22
       Potion            |       |     1 |     8 ||     9
 Stab: Sleeping          |     2 |     2 |       ||     4
  Eat: Chunk             |     7 |     2 |    12 ||    21
       Bread ration      |     1 |     4 |       ||     5
       Meat ration       |       |       |     2 ||     2
